Map: Orbital Shipyard

Players

Patchzerg

  • Race: Terran Terran
  • League: Gold

Zak - Winner!

  • Race: Protoss Protoss
  • League: Platinum

VOD

Have the link to the VOD?

Description

Have no idea how I lost that game. Perhaps a smaller army?

Time

  • Played on: Nov. 27, 2015, 7:09 p.m.
  • Length: 15:32
Show
View Real Time Build Order
Export as new Build Order

Patchzerg Terran 

Build Orders: MMM Bio 

Get SALT Encoding   

  12  0:02  SCV  
  13  0:14  SCV  
  14  0:18  Supply Depot  
  14  0:26  SCV  
  15  0:40  SCV, Barracks  
  16  0:52  SCV  
  17  1:02  Refinery  
  17  1:05  SCV  
  18  1:21  Command Center  
  18  1:28  Marine  
  19  1:39  SCV  
  20  1:40  Supply Depot  
  20  1:46  Marine  
  21  1:51  SCV  
  22  2:03  SCV  
  22  2:04  Marine  
  24  2:14  Refinery x2  
  24  2:16  Orbital Command  
  24  2:24  Supply Depot  
  24  2:27  Marine  
  25  2:37  Orbital Command  
  25  2:45  SCV  
  26  2:52  Marine  
  26  2:57  SCV  
  28  3:05  SCV  
  29  3:06  Factory  
  29  3:09  SCV  
  29  3:12  Marine  
  31  3:17  SCV  
  32  3:21  SCV  
  33  3:29  SCV  
  33  3:30  Marine  
  33  3:33  SCV  
  36  3:41  SCV  
  36  3:43  Supply Depot  
  36  3:45  SCV  
  38  3:49  Engineering Bay  
  38  3:53  SCV  
  38  3:55  Starport  
  39  3:58  SCV  
  39  3:59  Factory Reactor  
  40  4:05  SCV  
  41  4:10  SCV  
  42  4:17  SCV  
  42  4:19  Marine  
  42  4:22  SCV  
  45  4:29  Missile Turret  
  42  4:32  Missile Turret  
  42  4:35  Widow Mine  
  42  4:36  Widow Mine  
  42  4:37  Marine  
  42  4:38  Viking  
  46  4:43  SCV x2, Barracks  
  46  4:45  Barracks  
  48  4:57  Missile Turret  
  48  4:58  SCV x2  
  50  5:03  Barracks Tech Lab  
  50  5:10  Medivac  
  50  5:13  SCV x2  
  54  5:18  Terran Infantry Weapons Level 1  
  54  5:21  Command Center  
  54  5:24  Refinery  
  54  5:25  SCV, Refinery  
  53  5:32  Missile Turret  
  51  5:39  SCV  
  51  5:40  Marine x2  
  51  5:47  SCV  
  51  5:51  SCV, Viking, Widow Mine  
  51  5:52  Widow Mine  
  51  5:53  Marine  
  51  5:55  Stimpack  
  59  5:58  Marine x2  
  61  6:06  Missile Turret  
  61  6:07  SCV  
  61  6:10  Engineering Bay  
  62  6:22  SCV, Marine x3  
  66  6:28  Widow Mine x2  
  70  6:35  Supply Depot  
  70  6:37  Supply Depot  
  70  6:38  SCV, Medivac  
  70  6:39  Marine x2  
  73  6:43  Terran Infantry Armor Level 1  
  73  6:46  Armory  
  75  6:48  Marine  
  76  6:55  SCV  
  76  6:57  Marine x2  
  79  7:06  Marine  
  80  7:15  Marine  
  72  7:26  Marine x2  
  72  7:27  Widow Mine x2  
  72  7:28  Medivac  
  80  7:31  SCV  
  80  7:32  SCV  
  80  7:33  Marine  
  84  7:37  Orbital Command  
  84  7:43  SCV  
  84  7:44  SCV, Marine x2  
  85  7:48  Barracks  
  85  7:49  Barracks  
  87  7:51  Barracks  
  87  7:56  Combat Shields  
  87  7:58  Widow Mine x2  
  87  8:00  Medivac  
  93  8:06  Missile Turret  
  93  8:09  Barracks Reactor x2  
  93  8:12  Marine  
  94  8:19  SCV x2  
  96  8:23  Missile Turret  
  96  8:24  SCV  
  96  8:25  Supply Depot  
  97  8:28  Widow Mine  
  97  8:29  Widow Mine  
  97  8:30  Marine  
  97  8:31  SCV  
  97  8:32  Terran Infantry Weapons Level 2  
  103  8:35  Marine  
  103  8:36  Marine  
  103  8:39  Marine  
  106  8:42  SCV  
  106  8:48  Marine  
  91  9:14  Marine x4  
  91  9:15  Marine x4  
  92  9:26  Widow Mine x2  
  92  9:27  Medivac  
  98  9:31  Ghost Academy  
  98  9:32  Marine x4  
  98  9:33  Starport, Marine x4  
  98  9:34  Refinery x2  
  98  9:38  Barracks  
  106  9:40  Barracks  
  106  9:41  SCV x2, Barracks  
  106  9:42  SCV  
  109  9:47  Starport  
  109  9:49  Starport  
  104  10:08  Marine x8  
  112  10:25  Marine  
  112  10:26  Marine x2  
  115  10:37  Marine  
  115  10:38  Marine  
  115  10:40  Marine x2  
  115  10:42  Marine  
  116  10:43  Widow Mine x2  
  116  10:44  Medivac  
  116  10:45  Marine x2  
  117  10:55  Barracks Tech Lab x3  
  117  10:56  Barracks  
  117  11:41  Medivac  
  117  11:42  Marine x2  
  117  11:43  Marine x2  
  117  11:44  Marine x2  
  117  11:45  Marauder, Marine  
  117  11:51  Marauder x2, Marine  
  110  12:00  Marine x2  
  104  12:01  Marauder, Marine  
  104  12:02  Widow Mine x2, Marine x3  
  104  12:03  Marine  
  104  12:07  Marauder  
  117  12:18  Marauder  
  117  12:19  Marauder  
  116  12:23  Marine  
  116  12:24  Barracks Tech Lab  
  116  12:25  Barracks Tech Lab x3  
  117  12:33  Supply Depot  
  117  12:36  Command Center  
  117  12:38  Supply Depot  
  117  12:39  Marauder, Medivac x3, Terran Infantry Armor Level 2, Marine x3  
  117  12:40  Terran Infantry Weapons Level 3, Marauder x2  
  132  12:51  Marine  
  133  12:54  Personal Cloaking, Marine x2  
  133  12:55  Supply Depot, Marauder x3  
  133  12:57  Supply Depot  
  141  13:01  Marauder x3  
  147  13:09  Medivac  
  149  13:15  Widow Mine x2, Marine x3  
  149  13:16  Marauder x2, Marine x2  
  149  13:17  Marauder, Marine  
  152  13:22  Marauder x2  
  152  13:27  Marauder  
  158  13:33  Marine x2  
  160  13:34  Marauder  
  160  13:35  Marauder  
  143  13:52  Marine  
  143  13:53  Marine x9  
  136  13:56  Marauder x2  
  133  14:11  Marauder x2  
  133  14:14  Marine x3, Marauder x4  
  119  14:17  Marauder  
  101  14:24  Marine, Marauder  
  92  14:32  Marine  
  92  14:33  Marauder, Marine x3  
  72  14:40  Marine x2  
  72  14:41  Marine  
  56  14:45  Marine x2  
  55  14:56  Marine  
  55  14:57  Marine  
  51  15:02  SCV  
Show
View Real Time Build Order
Export as new Build Order

Zak Protoss - Winner!

Build Orders: 1 Gate Expand, Oracle Opening 

Get SALT Encoding   

  12  0:01  Probe (Chrono Boost)  
  13  0:11  Probe (Chrono Boost)  
  14  0:19  Pylon  
  14  0:22  Probe (Chrono Boost)  
  15  0:37  Gateway, Probe (Chrono Boost)  
  16  0:48  Probe (Chrono Boost)  
  17  1:10  Nexus  
  17  1:13  Probe (Chrono Boost)  
  18  1:19  Assimilator  
  18  1:30  Cybernetics Core  
  18  1:34  Probe (Chrono Boost)  
  19  1:45  Assimilator  
  19  1:47  Pylon  
  19  1:48  Probe (Chrono Boost)  
  20  1:58  Probe (Chrono Boost)  
  19  2:09  Stalker (Chrono Boost)  
  19  2:13  Probe  
  22  2:20  Warp Gate (Chrono Boost)  
  22  2:21  Probe  
  23  2:25  Probe  
  24  2:31  Probe  
  25  2:37  Probe, Adept  
  25  2:43  Pylon  
  28  2:49  Probe  
  28  2:51  Probe  
  30  2:58  Stargate  
  30  3:08  Gateway  
  30  3:11  Probe x2  
  31  3:17  Sentry  
  34  3:22  Probe  
  34  3:23  Probe  
  36  3:31  Assimilator  
  36  3:32  Probe  
  37  3:40  Mothership Core  
  39  3:43  Probe  
  39  3:47  Pylon  
  40  3:53  Probe  
  40  3:55  Oracle (Chrono Boost)  
  44  4:03  Pylon  
  44  4:04  Probe  
  44  4:05  Probe  
  44  4:07  Forge  
  46  4:15  Probe  
  47  4:17  Probe  
  48  4:33  Stalker x2  
  52  4:44  Probe  
  53  4:45  Probe  
  53  4:49  Assimilator  
  54  4:54  Probe  
  54  4:57  Probe  
  56  5:01  Adept  
  56  5:02  Adept  
  56  5:05  Probe  
  61  5:10  Probe  
  61  5:13  Protoss Ground Weapons Level 1 (Chrono Boost)  
  62  5:14  Photon Cannon  
  62  5:16  Robotics Facility  
  62  5:20  Photon Cannon  
  62  5:38  Probe  
  62  5:39  Probe  
  64  5:48  Probe  
  64  5:50  Oracle  
  64  5:51  Probe  
  69  6:03  Probe  
  70  6:05  Robotics Bay  
  70  6:06  Nexus  
  70  6:07  Pylon  
  70  6:10  Pylon  
  70  6:14  Pylon  
  70  6:22  Pylon  
  70  6:24  Probe  
  70  6:30  Twilight Council, Pylon  
  70  6:31  Pylon  
  72  6:33  Observer (Chrono Boost)  
  72  6:35  Stalker x2  
  76  6:42  Gateway  
  76  6:45  Gateway  
  76  6:47  Gateway  
  76  6:49  Probe x2  
  76  6:52  Observer (Chrono Boost)  
  79  6:58  Protoss Ground Armor Level 1  
  79  7:01  Probe  
  79  7:06  Adept x2  
  84  7:09  Disruptor (Chrono Boost)  
  81  7:19  Blink (Chrono Boost)  
  75  7:27  Stalker x2, Probe  
  75  7:28  Probe x2  
  79  7:36  Oracle (Chrono Boost)  
  82  7:49  Disruptor  
  85  7:58  Assimilator  
  85  7:59  Stalker x2  
  85  8:00  Stalker x3  
  85  8:04  Assimilator  
  95  8:16  Forge  
  95  8:20  Disruptor  
  95  8:21  Gateway  
  95  8:26  Pylon  
  98  8:31  Adept x5  
  108  8:38  Pylon  
  108  8:42  Photon Cannon  
  108  8:55  Stalker x5  
  112  9:07  Resonating Glaives  
  107  9:26  Nexus, Adept  
  107  9:27  Adept x4, Pylon  
  107  9:29  Pylon  
  117  9:33  Pylon  
  117  9:37  Disruptor, Assimilator  
  117  9:41  Assimilator  
  120  9:48  Protoss Ground Weapons Level 2 (Chrono Boost)  
  120  9:57  Adept x4  
  120  9:58  Adept  
  120  9:59  Sentry  
  132  10:13  Protoss Ground Armor Level 2 (Chrono Boost)  
  132  10:27  Stalker x6  
  139  10:50  Adept x4  
  139  10:51  Adept x2  
  139  10:52  Probe x2  
  139  10:53  Probe x2  
  155  10:59  Charge  
  155  11:02  Probe  
  155  11:05  Probe x2, Disruptor  
  155  11:06  Probe  
  162  11:13  Probe  
  162  11:14  Oracle  
  166  11:22  Gravitic Drive  
  166  11:36  Warp Prism  
  156  11:59  Adept  
  156  12:00  Adept x4  
  157  12:39  Pylon  
  157  12:41  Pylon  
  157  12:43  Pylon  
  157  12:45  Pylon  
  157  12:48  Pylon  
  157  12:49  Pylon  
  157  12:52  Disruptor  
  157  12:57  Oracle  
  163  13:00  Zealot x4, Protoss Ground Armor Level 3 (Chrono Boost)  
  171  13:07  Cybernetics Core  
  171  13:14  Protoss Ground Weapons Level 3 (Chrono Boost)  
  171  13:17  Gateway  
  171  13:18  Gateway  
  171  13:20  Gateway  
  171  13:21  Gateway  
  152  13:56  Stalker x2  
  152  13:57  Stalker x2  
  160  14:02  Nexus  
  160  14:05  Gateway  
  143  14:10  Gateway  
  143  14:15  Pylon  
  121  14:29  Stalker  
  121  14:30  Stalker x3  
  103  15:06  Stalker x4  
Tags
 
Add a new tag
Caveats
  • Supply blocks, unpowered buildings, or Contaminate may cause inaccurate times.
  • Supply counts are checked every 10 seconds.